 Dungeon Crawl Stone Soup version 0.21.0 (webtiles) character file.

3893 bombasticus the Basher (level 10, -2/90 HPs)
             Began as a Minotaur Berserker on Jan 7, 2018.
             Was an Elder of Trog.
             Slain by a death yak (21 damage)
             ... on level 10 of the Dungeon.
             The game lasted 00:11:29 (2683 turns).

bombasticus the Basher (Minotaur Berserker)         Turns: 2683, Time: 00:11:30

Health: -2/90      AC: 19    Str: 23    XL:     10   Next: 0%
Magic:  9/9        EV:  8    Int:  4    God:    Trog [****..]
Gold:   117        SH:  0    Dex: 10    Spells: 9/9 levels left

rFire    + . .     SeeInvis .   H - +8 mace of Makhleb's Delight {protect, rElec}
rCold    x . .     Gourm    +   (no shield)
rNeg     . . .     Faith    .   o - +0 plate armour
rPois    .         Spirit   .   (helmet restricted)
rElec    +         Reflect  .   t - +2 cloak
rCorr    .         Harm     .   k - +1 pair of gloves
MR       ++...                  (no boots)
Stlth    ..........             O - amulet of the gourmand
HPRegen  1.25/turn              g - -2 ring of strength (curse)
MPRegen  0.11/turn              b - ring of fire

@: berserk cooldown, regenerating, slowed, very slow
A: retaliatory headbutt, horns 2
a: Berserk, Trog's Hand, Brothers in Arms, Burn Spellbooks, Renounce Religion


You were on level 10 of the Dungeon.
You worshipped Trog.
Trog was greatly pleased with you.
You were hungry.

You visited 1 branch of the dungeon, and saw 10 of its levels.
You also visited: Ossuary.

You collected 194 gold pieces.
You spent 77 gold pieces at shops.

Inventory:

Hand Weapons
 r - a +0 shortbow
 s - a +2 mace of protection
 w - a +0 dagger of venom
 H - the +8 mace of Makhleb's Delight (weapon) {protect, rElec}
   (You found it on level 8 of the Dungeon)

   It protects the one who uses it against injury (+AC on strike).
   It insulates you from electricity.
 J - a +1 flail
 K - a cursed +3 hand axe
Armour
 k - a +1 pair of gloves (worn)
 o - a +0 plate armour (worn)
 t - a +2 cloak (worn)
 M - a +1 cloak of magic resistance
Jewellery
 b - a ring of fire (right hand)
 g - a cursed -2 ring of strength (left hand)
 i - an uncursed ring of positive energy
 O - an amulet of the gourmand (around neck)
Wands
 L - a wand of paralysis (17)
 P - a wand of acid (8)
Scrolls
 e - 3 scrolls of identify
 f - 3 scrolls of teleportation {unknown}
 h - 6 scrolls of remove curse
 l - 2 scrolls of magic mapping {unknown}
 m - a scroll of fog {unknown}
 p - 2 scrolls of fear {unknown}
 x - a scroll of noise {unknown}
 y - a scroll of blinking {unknown}
 A - a scroll of immolation {unknown}
 E - a scroll of enchant weapon {unknown}
 I - a scroll of amnesia {unknown}
 N - a scroll of random uselessness {unknown}
Potions
 d - a potion of magic {unknown}
 j - a potion of flight {unknown}
 n - a potion of resistance {unknown}
 q - a potion of ambrosia {unknown}
 v - 2 potions of lignification
 z - a potion of degeneration {unknown}
 B - 2 potions of curing
 C - 2 potions of agility {unknown}
 D - a potion of might {unknown}
 F - 2 potions of brilliance
 G - a potion of haste {unknown}
Comestibles
 a - 3 chunks of flesh
 c - 4 rations


   Skills:
 + Level 8.5 Fighting
   Level 7.5 Long Blades
 + Level 10.4 Maces & Flails
 + Level 7.8 Armour
 + Level 4.9 Dodging
 + Level 1.0 Stealth


You had 9 spell levels left.
You didn't know any spells.

Dungeon Overview and Level Annotations

Branches:
Dungeon (10/15)              Lair (0/6) D:10            Orc (0/2) D:10
 Temple: D:4-7

Altars:
Elyvilon
Hepliaklqana
Trog
Xom

Shops:
D:6 ?


Innate Abilities, Weirdness & Mutations

You reflexively headbutt those who attack you in melee.
You have a pair of horns on your head.


Message History

The death yak is severely wounded.
The death yak gores you but does no damage.
The death yak closely misses you. The death yak gores you.
The death yak barely misses you. The death yak completely misses you.
The death yak gores you but does no damage.
The death yak gores you. The death yak gores you!
Things that are here:
a giant spiked club x2; a hand axe The death yak gores you!
* * * LOW HITPOINT WARNING * * *
Your skin crawls.
You feel resistant to hostile enchantments.
You are feeling hungry.
The death yak gores you but does no damage.
The death yak gores you.
* * * LOW HITPOINT WARNING * * *
The yak gores you but does no damage. The death yak gores you!!
You die...

#.# #.##### #.....
#...###########
#.............##
######....######.#..###
..........#######.....####
###..#......##.....8.....#
#..#....#.##.(@........##
#..#.##.#...(YYY........#
#..#..#.#...8.YY.>....8..
#..##.#.#.#....s.........
........)###...Y.......#
...##......#.....8.....#
>.........####.....####
...........#.###.###
.....##......YY..#


You could see 2 death yaks, 4 yaks and a scorpion.

Vanquished Creatures
  A two-headed ogre (D:10)
  A death yak (D:10)
  Maurice (D:8)
  A troll (D:9)
  Sigmund (D:6)
  A hungry ghost (D:7)
  An ice beast (D:6)
  2 sky beasts (D:8)
  2 ogres
  3 centaurs
  3 bullfrogs
  4 killer bees (D:8)
  3 wights (D:7)
  A howler monkey (D:6)
  A quasit (D:6)
  2 hounds
  An orc wizard (D:9)
  2 bullfrog skeletons
  A centaur skeleton (D:4)
  An iguana (D:10)
  A worker ant (D:4)
  A killer bee zombie (D:6)
  13 mummies (Ossuary)
  Robin (D:2)
  5 adders
  2 shadow imps (D:8)
  A worm zombie (D:6)
  An adder skeleton (D:4)
  2 adder zombies
  2 dart slugs
  2 leopard geckos
  11 orcs
  A giant cockroach (D:4)
  10 goblins
  7 hobgoblins
  4 jackals (D:1)
  A ball python (D:3)
  A frilled lizard (D:4)
  2 gnoll skeletons (Ossuary)
  A gnoll zombie (D:6)
  4 goblin skeletons (Ossuary)
  3 kobolds
  A kobold skeleton (Ossuary)
  A kobold zombie (D:6)
  A leopard gecko skeleton (D:4)
  An orc skeleton (Ossuary)
  A rat (D:1)
  11 rat skeletons (Ossuary)
  A rat zombie (D:6)
126 creatures vanquished.

Notes
Turn   | Place    | Note
-------+----------+-------------------------------------------
     0 | D:1      | bombasticus the Minotaur Berserker began the quest for the Orb.
     0 | D:1      | Reached XP level 1. HP: 19/19 MP: 0/0
   118 | D:1      | Reached XP level 2. HP: 16/27 MP: 1/1
   371 | D:2      | Noticed Robin
   373 | D:2      | Killed Robin
   375 | D:2      | Reached XP level 3. HP: 15/33 MP: 2/2
   620 | D:3      | Reached ** piety under Trog
   727 | D:4      | Noticed an ogre
   733 | D:4      | Killed an ogre
   733 | D:4      | Reached skill level 5 in Long Blades
   733 | D:4      | Reached XP level 4. HP: 41/41 MP: 3/3
   733 | D:4      | Reached XP level 5. HP: 47/47 MP: 4/4
   907 | D:5      | Entered Level 5 of the Dungeon
   948 | D:5      | Noticed a centaur
   965 | D:5      | Killed a centaur
   965 | D:5      | Reached skill level 5 in Fighting
   965 | D:5      | Reached XP level 6. HP: 22/56 MP: 5/5
  1091 | D:5      | Found a hazy altar of Hepliaklqana.
  1256 | D:6      | Noticed an ice beast
  1272 | D:6      | Killed an ice beast
  1272 | D:6      | Reached XP level 7. HP: 48/61 MP: 6/6
  1273 | D:6      | Found a bloodstained altar of Trog.
  1295 | D:6      | Found a white marble altar of Elyvilon.
  1343 | D:6      | Found Utsi's Magic Scroll Boutique.
  1372 | D:6      | Bought a scroll of identify for 22 gold pieces
  1372 | D:6      | Bought a scroll of identify for 22 gold pieces
  1372 | D:6      | Bought a scroll of remove curse for 33 gold pieces
  1384 | D:6      | Reached skill level 1 in Stealth
  1407 | D:6      | Found a sand-covered staircase.
  1416 | Ossuary  | Entered an ossuary
  1776 | Ossuary  | Reached *** piety under Trog
  1777 | Ossuary  | Reached skill level 1 in Maces & Flails
  1890 | Ossuary  | Reached skill level 2 in Maces & Flails
  1964 | D:6      | Noticed Sigmund
  1968 | D:6      | Killed Sigmund
  1968 | D:6      | Reached skill level 4 in Maces & Flails
  2030 | D:7      | Reached XP level 8. HP: 70/70 MP: 7/7
  2116 | D:7      | Reached skill level 5 in Maces & Flails
  2247 | D:8      | Got a steaming mace
  2248 | D:8      | Identified the +8 mace of Makhleb's Delight {protect, rElec} (You found it on level 8 of the Dungeon)
  2305 | D:8      | Noticed Maurice
  2317 | D:8      | Reached skill level 6 in Maces & Flails
  2319 | D:8      | Reached skill level 5 in Armour
  2344 | D:8      | Killed Maurice
  2344 | D:8      | Reached skill level 7 in Maces & Flails
  2352 | D:8      | Reached XP level 9. HP: 79/79 MP: 8/8
  2423 | D:9      | Reached **** piety under Trog
  2447 | D:9      | Found a shimmering altar of Xom.
  2517 | D:9      | Noticed a troll
  2523 | D:9      | Killed a troll
  2523 | D:9      | Reached skill level 8 in Maces & Flails
  2548 | D:10     | Entered Level 10 of the Dungeon
  2571 | D:10     | Found a staircase to the Orcish Mines.
  2574 | D:10     | Noticed a two-headed ogre
  2587 | D:10     | Killed a two-headed ogre
  2587 | D:10     | Reached skill level 9 in Maces & Flails
  2646 | D:10     | Found a staircase to the Lair.
  2646 | D:10     | Noticed a death yak
  2652 | D:10     | Noticed a death yak
  2654 | D:10     | Noticed a death yak
  2667 | D:10     | Killed a death yak
  2667 | D:10     | Reached skill level 10 in Maces & Flails
  2667 | D:10     | Reached XP level 10. HP: 90/90 MP: 9/9
  2683 | D:10     | Slain by a death yak

Skill      XL: |  1  2  3  4  5  6  7  8  9 |
---------------+----------------------------+-----
Long Blades    | 4 5 6 7 |  7.5
Fighting       | 4 5 7 8 |  8.5
Dodging        | 3 4 |  4.9
Armour         | 3 4 6 7 |  7.8
Stealth        | 1 |  1.0
Maces & Flails | 4 7 10 | 10.4

Action                   |  1- 3 |  4- 6 |  7- 9 | 10-12 || total
-------------------------+-------+-------+-------+-------++-------
Melee: Falchion          |    48 |    63 |    15 |       ||   126
       Headbutt          |     9 |    14 |    42 |     4 ||    69
       Mace              |       |       |   234 |     7 ||   241
Invok: Berserk           |     2 |       |     3 |       ||     5
       Burn Spellbooks   |       |       |     1 |       ||     1
       Trog's Hand       |       |       |     1 |     1 ||     2
  Use: Scroll            |       |       |     3 |       ||     3
  Eat: Chunk             |       |     3 |    12 |       ||    15
       Ration            |       |       |     1 |       ||     1
Armor: Animal skin       |     4 |     3 |       |       ||     7
       Plate armour      |       |    65 |   155 |     7 ||   227
Dodge: Dodged            |    44 |    44 |   101 |     5 ||   194
       Rpst.: Falchion   |     8 |     7 |     3 |       ||    18
